 Dungeon Crawl Stone Soup version 0.28-a0-1167-g616b1c6417 (webtiles) character file.

Game seed: 4886650657421158153

9 LadyOphelia the Sneak (level 2, -1/19 HPs)
             Began as a Vampire Enchanter on Dec 16, 2021.
             Slain by a kobold (5 damage)
             ... on level 1 of the Dungeon.
             The game lasted 00:02:03 (321 turns).

LadyOphelia the Sneak (Vampire Enchanter)            Turns: 321, Time: 00:02:04

Health: -1/19      AC:  3    Str:  7    XL:     2   Next: 6%
Magic:  5/5        EV: 12    Int: 17    God:
Gold:   0          SH:  0    Dex: 14    Spells: 5/5 levels left

rFire   + . .      SeeInvis +   a - +1 dagger
rCold   . . .      Faith    .   (no shield)
rNeg    . . .      Spirit   .   b - +0 robe
rPois   .          Reflect  .   (no helmet)
rElec   .          Harm     .   (no cloak)
rCorr   .          Rampage  .   d - +0 pair of gloves
Will    .....                   (no boots)
Stlth   +++.......              (no amulet)
HPRegen 0.26/turn               g - ring of protection from fire
MPRegen 0.09/turn               (no ring)

@: healing quickly
A: alive, fangs 3, see invisible, vampiric 1
a: Exsanguinate


You were on level 1 of the Dungeon.
You visited 1 branch of the dungeon, and saw 1 of its levels.

Inventory:

Hand Weapons
 a - a +1 dagger (weapon)
Armour
 b - a +0 robe (worn)
 d - a +0 pair of gloves (worn)
Jewellery
 g - a ring of protection from fire (left hand)
Scrolls
 e - a scroll of immolation {unknown}
 f - a scroll of amnesia {unknown}
Potions
 c - a potion of invisibility
 h - a potion of curing {unknown}


   Skills:
 + Level 1.1 Short Blades
 + Level 2.3 Dodging
 + Level 4.9 Stealth
 + Level 2.0 Spellcasting
 + Level 4.7 Hexes


You had 5 spell levels left.
You didn't know any spells.
Your spell library contained the following spells:

 Spells                   Type           Power      Damage    Failure   Level
 Confusing Touch          Hex            17%        N/A       9%          3
 Tukima's Dance           Hex            17%        N/A       9%          3
 Ensorcelled Hibernation  Hex/Ice        18%        N/A       11%         2
 Dazzling Flash           Conj/Hex       18%        N/A       22%         3
 Spider Form              Tmut/Pois      1%         N/A       50%         3


Dungeon Overview and Level Annotations

Branches:
Dungeon (1/15)

Altars:


Innate Abilities, Weirdness & Mutations

Your natural rate of healing is accelerated.
You have razor-sharp teeth.
You have supernaturally acute eyesight. (SInv)
You are afflicted with vampirism.


Message History

You closely miss the kobold.
The kobold is heavily wounded.
The kobold barely misses you. The kobold closely misses you.
You barely miss the kobold.
The kobold is heavily wounded.
The kobold hits you but does no damage.
You barely miss the kobold.
The kobold is heavily wounded.
The kobold hits you but does no damage. The kobold completely misses you.
You closely miss the kobold. You bite the kobold, but do no damage.
The kobold is heavily wounded.
The kobold hits you but does no damage.
The kobold hits you with a +0 short sword.
You closely miss the kobold.
The kobold is heavily wounded.
The kobold closely misses you. The kobold barely misses you.
You hit the kobold but do no damage.
The kobold is heavily wounded.
The kobold barely misses you.
The kobold hits you with a +0 short sword.
You hit the kobold.
The kobold is heavily wounded.
The kobold hits you with a +0 short sword.
The kobold barely misses you.
You barely miss the kobold.
The kobold is heavily wounded.
The kobold hits you with a +0 short sword.
* * * LOW HITPOINT WARNING * * *
The kobold hits you with a +0 short sword.
* * * LOW HITPOINT WARNING * * *
You hit the kobold.
You kill the kobold!
The kobold misses you. The kobold misses you.
You begin bloodletting.
You continue bloodletting.
The kobold hits you with a +0 short sword.
Keep bloodletting? [Y]es or [N]o only, please.
Keep bloodletting?
You die...

.#....# ###..## .#....## ##
....#..# ###.. ...###.#.##..># ##
..).#.......... ######<
......##....... #.. #......
##.##.#..... #.### #..# #+####'
##.#........##.K@# ##..# ##..###.
......#.....##.#)##..... ........
..#................# #.# ###.####
.###.######........# #.# ##.##
..#..#######.#.....###.####.#.##
...........................###.#
####.#########.........####.#..##
# #...................(.....#...
# #############.#.....##########


You could see a kobold.

Vanquished Creatures
  A goblin (D:1)
  2 hobgoblins (D:1)
  3 ball pythons (D:1)
  A frilled lizard (D:1)
  2 kobolds (D:1)
  A rat (D:1)
10 creatures vanquished.

Notes
Turn   | Place    | Note
-------+----------+-------------------------------------------
     0 | D:1      | LadyOphelia the Vampire Enchanter began the quest for the
                  | Orb.
     0 | D:1      | Reached XP level 1. HP: 13/13 MP: 3/3
   279 | D:1      | Reached XP level 2. HP: 16/19 MP: 5/5
   321 | D:1      | Slain by a kobold

Illustrated notes

Levels and vault maps discovered:
D:1:      minmay_arrival_three_doors, layout_loops_ring, minmay_strange_pillars,
          minmay_pentomino_t2

Action                   || total
-------------------------++-------
Melee: Dagger            ||    49
       Bite              ||     2
 Abil: Exsanguinate      ||     1
 Stab: Sleeping          ||     1
Armor: Robe              ||     9
Dodge: Dodged            ||    37

Table legend: (Time is in decaauts)
 A = Elapsed time spent in this place.
 B = Non-inter-level travel time spent in this place.
 C = Inter-level travel time spent in this place.
 D = Time resting spent in this place.
 E = Time spent auto-exploring this place.
 F = Levels seen in this place.
 G = Mean time per level.
                   A        B        C        D        E       F      G
               +--------+--------+--------+--------+--------+-----+--------+
         Total |    317 |    317 |      0 |      0 |    178 |   1 |  317.0 |
       Dungeon |    317 |    317 |      0 |      0 |    178 |   1 |  317.0 |
               +--------+--------+--------+--------+--------+-----+--------+

Top non-repeatable levels by time:
     D:1: 317 daAuts
